 Dungeon Sprint DCSS version 0.30.1-4-g462c640d31 (webtiles) character file.

Game seed: 17587334831189941737

759 boopmooplesden the Protected (level 7, -15/66 HPs)
             Began as an Armataur Fighter on Sept 8, 2023.
             Demolished by a boulder beetle (20 damage)
             ... in the Dungeon (Sprint II: "The Violet Keep of Menkaure").
             The game lasted 00:01:16 (235 turns).

boopmooplesden the Protected (Armataur Fighter)      Turns: 235, Time: 00:01:16

Health: -15/66     AC:  8    Str: 21    XL:     7   Next: 50%
Magic:  7/7        EV:  7    Int:  9    God:
Gold:   243        SH:  6    Dex: 11    Spells: 6/6 levels left

rFire   . . .        a - +0 long sword
rCold   . . .        c - +0 buckler
rNeg    . . .        b - +0 scale mail
rPois   .            (no helmet)
rElec   .            (no cloak)
rCorr   .            (no gloves)
SInv    .            (no barding)
Will    .....        (no amulet) Stlth
                     (no ring)
HPRegen 0.31/turn    (no ring)
MPRegen 0.10/turn

%: no teleportation, random rage (3%), roll
@: no status effects
A: large, rugged brown scales 3, deformed body, armoured tail, roll, long
tongue, awkward tongue, berserk 1, frail 1
a: no special abilities


You were in the Dungeon.
You visited 1 branch You collected 243 gold pieces.

Inventory:

Hand Weapons
 a - a +0 long sword (weapon)
Armour
 b - a +0 scale mail (worn)
 c - a +0 buckler (worn)
Potions
 g - a potion of haste
 h - 2 potions of magic
 i - a potion of berserk rage


   Skills:
 + Level 8.8 Fighting
 + Level 8.5 Long Blades
 + Level 10.0 Armour
 + Level 0.4 Dodging
 + Level 1.0 Stealth
 + Level 8.4 Shields


You had 6 spell levels left.
You didn't know any spells.
Your spell library was empty.

Dungeon Overview and Level Annotations

Branches:
Dungeon (1/1)

Altars:

Shops:
D [[:(?*=!=[=!:[(

Annotations:
D exclusion: oklob plant


Innate Abilities, Weirdness & Mutations

You are completely covered in rugged brown scales. (AC +3, +7% HP)
Armour fits poorly on your strangely shaped body.
You have a long armoured tail.
You roll when moving toward enemies. (Rampage)
Your long tongue fully drains potion bottles. (2x potion effects)
Your tongue gives you trouble enunciating. (1.5x scroll delay)
You sometimes lose your temper in combat.
You are frail. (-10% HP)


Message History

Found 99 gold pieces.
Unknown command.
There is an entrance to Wiatumol's Antique Armour Shoppe here.
A necrophage breaks down the door.
A necrophage is nearby!
A necrophage is nearby!
You roll towards the necrophage!
The polar bear growls angrily.
You hit the necrophage but do no damage.
The necrophage hits you.
* * * LOW HITPOINT WARNING * * *
You slash the necrophage! You tail-slap the necrophage!
The necrophage is severely damaged.
The necrophage barely misses you.
You slash the necrophage!
The necrophage is almost destroyed.
The necrophage hits you but does no damage.
The necrophage hits you.
* * * LOW HITPOINT WARNING * * *
You feel drained.
* * * LOW HITPOINT WARNING * * *
You closely miss the necrophage.
The necrophage is almost destroyed.
The necrophage hits you but does no damage.
You completely miss the necrophage.
The necrophage is almost destroyed.
The necrophage hits you but does no damage.
You hit the necrophage.
You destroy the necrophage!
Your life force feels restored.
Your Armour skill increases to level 10!
You feel better.
You slurp down every last drop of the potion of curing!
The boulder beetle bites you!
* * * LOW HITPOINT WARNING * * *
Blink to where?
Press: ? - help, Dir - move target As you slowly read the scroll of blinking, it crumbles to dust.
The boulder beetle bites you!!
You die...

##########~~#''
#########~~~...
........#~~~~.# #
....⌠...#~~~~## .##
...∩.∩..#~~~~# ..
..∩.∩.∩§#~~### #. #
.∩.∩.∩.∩#~##.###'# .#
∩.∩....B#~#.#○##.##ss#
.∩.....∩@~'.##Bn<.+#
∩.......#~#..###.##ss#
▓▓▓▓▓▓###~##.# #'# .#
)hE######~~### #n #
/.h# ##~~~ n. ∩P$ +#~#
.## ?$ ~~# # ~~


You could see an iron elemental, a boulder beetle, an oklob plant and 2 polar
bears.

Vanquished Creatures
  4 neqoxecs (D)
  4 necrophages (D)
8 creatures vanquished.

Vanquished Creatures (others)
  Menkaure (D)
1 creature vanquished.

Grand Total: 9 creatures vanquished

Notes
Turn   | Place    | Note
-------+----------+-------------------------------------------
     0 | D        | boopmooplesden the Armataur Fighter began the quest for the
                  | Orb.
     0 | D        | Reached XP level 1. HP: 19/19 MP: 1/1
     1 | D        | Noticed a scorpion
     1 | D        | Noticed a scorpion
     1 | D        | Noticed a scorpion
     1 | D        | Noticed a scorpion
     5 | D        | Noticed a neqoxec
     9 | D        | Noticed a neqoxec
    14 | D        | Gained mutation: You sometimes lose your temper in combat.
                  | [a neqoxec]
    16 | D        | Killed a neqoxec
    16 | D        | Gained mutation: You are frail. (-10% HP) [a neqoxec]
    17 | D        | Reached skill level 5 in Fighting
    17 | D        | Reached skill level 6 in Armour
    17 | D        | Reached XP level 2. HP: 9/29 MP: 2/2
    17 | D        | Reached XP level 3. HP: 11/35 MP: 3/3
    17 | D        | Reached XP level 4. HP: 13/42 MP: 4/4
    17 | D        | HP: 1/42 [neqoxec (12)]
    21 | D        | Killed a neqoxec
    22 | D        | Reached skill level 5 in Long Blades
    22 | D        | Reached skill level 8 in Armour
    22 | D        | Reached XP level 5. HP: 3/49 MP: 5/5
    22 | D        | Reached XP level 6. HP: 3/56 MP: 6/6
   128 | D        | Killed Menkaure
   138 | D        | Found Gorrae Weso's Antique Weapon Emporium.
   138 | D        | Noticed a neqoxec
   139 | D        | Found Wiatumol's Antique Armour Shoppe.
   139 | D        | Found Ytupnuir's Distillery.
   139 | D        | Found Zuv Ecen's Book Emporium.
   139 | D        | Found Liputha's Antique Armour Shoppe.
   139 | D        | Found Donuhack's Jewellery Shoppe.
   154 | D        | Killed a neqoxec
   155 | D        | Reached skill level 9 in Armour
   161 | D        | Found Momevek's Jewellery Shoppe.
   161 | D        | Found Juamezxey's Distillery.
   162 | D        | Found Ixojawk's Jewellery Shoppe.
   162 | D        | Found Raor's Assorted Antiques.
   162 | D        | Noticed a polar bear
   163 | D        | Found Awecun's Magic Scroll Shoppe.
   163 | D        | Found Guradaf's Antique Weapon Emporium.
   163 | D        | Noticed a polar bear
   163 | D        | Noticed an oklob plant
   170 | D        | Noticed a neqoxec
   171 | D        | Noticed a boulder beetle
   186 | D        | Killed a neqoxec
   187 | D        | Reached XP level 7. HP: 14/65 MP: 7/7
   211 | D        | Reached skill level 1 in Stealth
   216 | D        | Noticed an iron elemental
   217 | D        | HP: 3/66 [boulder beetle (7)]
   218 | D        | Found Husiti's Antique Armour Shoppe.
   218 | D        | Found Tocal's Armour Emporium.
   218 | D        | Found Nica's Book Shoppe.
   230 | D        | HP: 3/66 [necrophage (2)]
   234 | D        | Reached skill level 10 in Armour
   235 | D        | Demolished by a boulder beetle

Illustrated notes

Levels and vault maps discovered:
D:        the_violet_keep_of_menkaure [sprint2_stairs_cluster_1,
          sprint2_shoproom, sprint2_temple, sprint2_basic_supplies,
          sprint2_obstacle_4, sprint2_obstacle_1, sprint2_obstacle_5,
          sprint2_obstacle_7, sprint2_obstacle_6, sprint2_timed_cluster_1,
          sprint2_smallroom_cluster_1, sprint2_smallroom_final_cluster_1,
          sprint2_transparent_cluster_1, sprint2_second_timed_cluster_1,
          sprint2_sniper_area_1, sprint2_heavy_combat_area_1,
          sprint2_mutation_trap_area_1, sprint2_forest_area_1,
          sprint2_light_combat_area_1, sprint2_behind_water_1,
          sprint2_near_end_vault_1]

Skill      XL: |  1  2  3  4  5  6  7 |
---------------+----------------------+-----
Fighting       | 5 6 8 |  8.8
Long Blades    | 4 5 7 8 |  8.5
Armour         | 6 8 9 10 | 10.0
Shields        | 6 7 8 |  8.4
Stealth        | 1 |  1.0
Dodging        | |  0.4

Action                     |  1- 3 |  4- 6 |  7- 9 || total
---------------------------+-------+-------+-------++-------
  Melee: Long sword        |     8 |    25 |    29 ||    62
         Tailslap          |     1 |     5 |     5 ||    11
    Use: Potion            |     1 |       |     2 ||     3
         Scroll            |       |       |     1 ||     1
 Armour: Scale mail        |     1 |     1 |    14 ||    16
  Dodge: Dodged            |     1 |     6 |     2 ||     9
  Block: Buckler           |       |     6 |     2 ||     8
